 Dungeon Crawl Stone Soup version 0.29-a0-398-ge13fd1374b (webtiles) character file.

Game seed: 14927854660604421219

210 zeratav the Digger (level 5, -1/31 HPs)
             Began as an Octopode Earth Elementalist on May 12, 2022.
             Slain by an orc
             ... wielding a +0 flail
              (6 damage)
             ... on level 3 of the Dungeon.
             The game lasted 00:03:21 (3378 turns).

zeratav the Digger (Octopode Earth Elementalist)    Turns: 3378, Time: 00:03:22

Health: -1/31      AC:  1    Str:  7    XL:     5   Next: 88%
Magic:  10/10      EV: 13    Int: 20    God:
Gold:   102        SH:  0    Dex: 12    Spells: 9/10 levels left

rFire   . . .      SeeInvis .   i - +1 spear (venom) {polearm}
rCold   . . .      Faith    .   (no shield)
rNeg    . . .      Spirit   .   (helmet restricted)
rPois   .          Reflect  .   h - amulet of magic regeneration {@e2}
rElec   .          Harm     .   (no ring)
rCorr   .          Rampage  .   (no ring)
Will    .....                   (no ring)
Stlth   +++.......              (no ring)
HPRegen 0.10/turn               (no ring)
MPRegen 0.52/turn               (no ring)
                                (no ring)
                                (no ring)

@: no status effects
A: almost no armour, amphibious, 8 rings, camouflage 1, gelatinous body 1,
(nimble swimmer 1), tentacles
a: no special abilities


You were on level 3 of the Dungeon.
You visited 1 branch of the dungeon, and saw 3 of its levels.

You collected 102 gold pieces.


Innate Abilities, Weirdness & Mutations

You cannot wear most types of armour.
You are amphibious.
You can wear up to eight rings at the same time.
Your skin changes colour to match your surroundings (Stealth+).
Your rubbery body absorbs attacks. (AC +1, EV +1)
((You are camouflaged when in or above water. (Stealth+)))
You have tentacles for arms and can constrict up to eight enemies at once.


   Skills:
 - Level 2.0 Dodging
 - Level 2.6 Stealth
 + Level 3.4 Spellcasting
 - Level 1.0 Transmutations
 * Level 5.4 Earth Magic


You had 9 spell levels left.
You knew the following spells:

 Your Spells              Type           Power      Damage    Failure   Level
a - Sandblast             Erth           50%        2d12      1%          1

Your spell library contained the following spells:

 Spells                   Type           Power      Damage    Failure   Level
 Passwall                 Tmut/Erth      13%        N/A       5%          2
 Stone Arrow              Conj/Erth      28%        3d8       13%         3
 Petrify                  Tmut/Erth      16%        N/A       34%         4

Inventory:

Hand Weapons
 i - a +1 spear of venom (weapon) {polearm}
   (You found it on level 1 of the Dungeon)
Missiles
 a - 90 stones {throwing}
Jewellery
 h - an amulet of magic regeneration (around mantle) {@e2}
   (You found it on level 1 of the Dungeon)
 q - a ring of ice
   (You found it on level 3 of the Dungeon)
Scrolls
 c - a scroll of enchant weapon {unknown}
 g - a scroll of teleportation {unknown}
 n - a scroll of torment {unknown}
 o - a scroll of identify {unknown}
 p - a scroll of fear {unknown}
Potions
 b - a potion of magic
 d - a potion of haste {@q3}
 e - a potion of berserk rage {unknown}
 f - a potion of lignification {unknown}
 j - 3 potions of heal wounds {unknown}
 k - a potion of degeneration {unknown}
 l - 2 potions of brilliance {unknown}
 m - 2 potions of curing {unknown}

Dungeon Overview and Level Annotations

Branches:
Dungeon (3/15)

Altars:

#.......#
#..[....#
#######..#####
........>#
.........#
.........#######
.........)†.....
......?.........
..#####.@.......
. #o.o......
#.........
#.........
#.........
#.........
#.........
#.........


You could see 2 orcs.


Message History

You reach to attack!
You hit the goblin but do no damage.
The goblin is poisoned.
You barely miss the goblin. Your grab misses the goblin.
You kill the goblin!
You reach to attack!
You hit the ball python.
You kill the ball python!
An endoplasm comes into view.
An orc wizard comes into view. It is wielding a +0 dagger.
The ball python bites you. The ball python grabs you.
The ball python constricts you.
HP[-2]
You take 2 damage, and now have 29/31 hp.
The orc wizard shouts!
The endoplasm quivers.
You hit the ball python.
The ball python is poisoned.
You grab the ball python. You constrict the ball python.
You kill the ball python!
An orc comes into view.
It is wielding a +0 flail and wearing a +2 leather armour of positive energy.
An orc comes into view. It is wielding a +0 whip.
The orc shouts!
You hit the orc wizard but do no damage.
Your grab misses the orc wizard. The endoplasm freezes you.
You are frozen.
The orc wizard misses you.
HP[-1]
You take 1 damage, and now have 28/31 hp.
You miss the orc wizard. You grab the orc wizard.
You constrict the orc wizard, but do no damage.
The endoplasm freezes you.
You are frozen.
The orc wizard misses you.
HP[-3]
You take 3 damage, and now have 25/31 hp.
You hit the orc wizard.
The orc wizard is poisoned.
You constrict the orc wizard. The endoplasm misses you.
The orc wizard closely misses you.
HP[+1]
You hit the orc wizard but do no damage.
The orc wizard looks as sick as possible!
You squeeze the orc wizard.
You constrict the orc wizard, but do no damage.
The endoplasm barely misses you.
The orc wizard points at you and mumbles some strange words.
The magic dart hits you!
You are too injured to fight recklessly!
HP[-7]
You take 7 damage, and now have 19/31 hp.
MASSIVE DAMAGE!! (PAUSE)
You are too injured to fight recklessly!
You are too injured to fight recklessly!
You are too injured to fight recklessly!
You are too injured to fight recklessly!
You are too injured to fight recklessly!
You are too injured to fight recklessly!
You are too injured to fight recklessly!
You are too injured to fight recklessly!
You are too injured to fight recklessly!
You are too injured to fight recklessly!
You are too injured to fight recklessly!
You are too injured to fight recklessly!
You are too injured to fight recklessly!
You are too injured to fight recklessly!
You are too injured to fight recklessly!
You are too injured to fight recklessly!
You are too injured to fight recklessly!
You are too injured to fight recklessly!
Reach: i) +1 spear (venom) {polearm}
Press: ? - help, Dir - move target, f - orc wizard
Aim: an orc wizard, wielding a +0 dagger and wearing a +0 robe (severely wounded, constricted by you, extremely poisoned, about 10% to evade your +1 spear of venom)
You hit the orc wizard.
The orc wizard looks as sick as possible!
You squeeze the orc wizard.
You kill the orc wizard!
The endoplasm freezes you.
You are frozen.
HP[-1]
You take 1 damage, and now have 18/31 hp.
You hit the endoplasm.
The endoplasm is poisoned.
The endoplasm freezes you.
You are frozen.
* * * LOW HITPOINT WARNING * * *
HP[-3]
You take 3 damage, and now have 15/31 hp.
You hit the endoplasm.
You kill the endoplasm!
The orc closely misses you. The orc hits you with a +0 whip.
* * * LOW HITPOINT WARNING * * *
HP[-6]
You take 6 damage, and now have 9/31 hp.
You closely miss the orc. Your grab misses the orc. The orc closely misses you.
The orc completely misses you.
You barely miss the orc. Your grab misses the orc. You squeeze the orc.
The orc closely misses you. The orc hits you with a +0 whip.
* * * LOW HITPOINT WARNING * * *
HP[-4]
You take 4 damage, and now have 5/31 hp.
You hit the orc but do no damage.
The orc is poisoned.
You grab the orc. You squeeze the orc, but do no damage.
You constrict the orc, but do no damage.
The orc hits you with a +0 flail.
You die...

Skill      XL: |  1  2  3  4 |
---------------+-------------+-----
Earth Magic    | 4 5 |  5.4
Spellcasting   | 3 |  3.4
Dodging        | |  2.0
Stealth        | |  2.6
Transmutations | |  1.0

Action                   |  1- 3 |  4- 6 || total
-------------------------+-------+-------++-------
Melee: Dagger            |    13 |       ||    13
       Constrict         |     8 |    15 ||    23
       Spear             |    44 |    67 ||   111
       Tentacles         |     4 |    16 ||    20
       Punch             |       |     1 ||     1
 Cast: Sandblast         |    12 |    15 ||    27
 Stab: Sleeping          |     8 |     1 ||     9
Armor: Skin              |     5 |     3 ||     8
Dodge: Dodged            |    37 |    33 ||    70

Levels and vault maps discovered:
D:1:      spicycebolla_arrival_xxxplode, layout_basic,
          ebering_ecumenical_altar_abandoned, nicolae_grassy_gnolls
D:2:      layout_basic
D:3:      layout_basic, uniq_robin

Notes
Turn   | Place    | Note
-------+----------+-------------------------------------------
     0 | D:1      | zeratav the Octopode Earth Elementalist began the quest for
                  | the Orb.
     0 | D:1      | Reached XP level 1. HP: 11/11 MP: 3/3
     0 | D:1      | magus.rc [v1.9.6]
   300 | D:1      | Reached XP level 2. HP: 9/17 MP: 0/5
   971 | D:1      | Found a faded altar of an unknown god.
  1157 | D:1      | Reached XP level 3. HP: 14/21 MP: 4/6
  1899 | D:2      | Reached skill level 4 in Earth Magic
  2120 | D:2      | Identified the +0 scale mail of Magic {Str+3}
  2214 | D:2      | Reached XP level 4. HP: 24/27 MP: 8/8
  2648 | D:3      | Noticed Robin
  2666 | D:3      | Killed Robin
  2676 | D:3      | Reached skill level 3 in Spellcasting
  3028 | D:3      | Noticed a phantom
  3051 | D:3      | HP: 3/27 [phantom (4)]
  3054 | D:3      | Killed a phantom
  3055 | D:3      | Reached skill level 5 in Earth Magic
  3055 | D:3      | Reached XP level 5. HP: 4/31 MP: 3/10
  3377 | D:3      | HP: 5/31 [orc/+0 whip (4)]
  3378 | D:3      | Slain by an orc

Vanquished Creatures
  A phantom (D:3)
  An orc wizard (D:3)
  Robin (D:3)
  A gnoll (D:1)
  3 adders
  3 worms
  A dart slug (D:2)
  2 bats
  3 endoplasms
  12 goblins
  9 hobgoblins
  3 jackals (D:2)
  A quokka (D:2)
  5 ball pythons
  A frilled lizard (D:1)
  6 kobolds
  2 rats (D:1)
55 creatures vanquished.

Vanquished Creatures (others)
  A plant (D:1)
1 creature vanquished.

Grand Total: 56 creatures vanquished

Table legend:
 A = Non-vault XP
 B = Vault XP
 C = Vault XP percentage of total XP
 D = Non-vault monster count
 E = Vault monster count
 F = Vault count percentage of total count
                 A         B        C        D         E       F
            +---------+---------+-------+---------+---------+-------
      Total |     247 |      54 |  17.9 |      41 |      14 |  25.5
            +---------+---------+-------+---------+---------+-------
        D:1 |      20 |      14 |  41.2 |      14 |       1 |   6.7
        D:2 |      63 |       0 |   0.0 |      17 |       0 |   0.0
        D:3 |     164 |      40 |  19.6 |      10 |      13 |  56.5
            +---------+---------+-------+---------+---------+-------

Illustrated notes

Table legend:
 A = Kills in this place as a percentage of kills in entire the game.
 B = Kills by you in this place as a percentage of kills by you in the entire game.
 C = Kills by friends in this place as a percentage of kills by friends in the entire game.
 D = Other kills in this place as a percentage of other kills in the entire game.
 E = Experience gained in this place as a percentage of experience gained in the entire game.
 F = Experience gained in this place divided by the number of levels of this place that you have seen.
                   A       B       C       D       E      F
               +-------+-------+-------+-------+-------+----------------------
         Total | 100.0 | 100.0 |   N/A |   N/A | 100.0 | 100.3
       Dungeon | 100.0 | 100.0 |   N/A |   N/A | 100.0 | 100.3
               +-------+-------+-------+-------+-------+----------------------

Table legend: (Time is in decaauts)
 A = Elapsed time spent in this place.
 B = Non-inter-level travel time spent in this place.
 C = Inter-level travel time spent in this place.
 D = Time resting spent in this place.
 E = Time spent auto-exploring this place.
 F = Levels seen in this place.
 G = Mean time per level.
                   A        B        C        D        E       F      G
               +--------+--------+--------+--------+--------+-----+--------+
         Total |   3387 |   3351 |     36 |    937 |   2041 |   3 | 1129.0 |
       Dungeon |   3387 |   3351 |     36 |    937 |   2041 |   3 | 1129.0 |
               +--------+--------+--------+--------+--------+-----+--------+

Top non-repeatable levels by time:
     D:1: 1327 daAuts
     D:2: 1315 daAuts
     D:3: 744 daAuts
